 Dungeon Crawl Stone Soup version 0.21.1-1-g345015fe64 (webtiles) character file.

7241 Oravi the Martial Artist (level 11, -2/112 HPs)
             Began as a Merfolk Transmuter on Apr 15, 2018.
             Was a Priest of Qazlal.
             Slain by a killer bee (5 damage)
             ... on level 10 of the Dungeon.
             The game lasted 00:40:47 (10912 turns).

Oravi the Martial Artist (Merfolk Transmuter)      Turns: 10912, Time: 00:40:49

Health: -2/112     AC: 25    Str: 11    XL:     11   Next: 12%
Magic:  11/13      EV:  2    Int: 15    God:    Qazlal [***...]
Gold:   429        SH:  4    Dex: 20    Spells: 9/14 levels left

rFire    . . .     SeeInvis .   y - staff of poison
rCold    . . .     Gourm    .   (no shield)
rNeg     + + +     Faith    .   (armour currently unavailable)
rPois    +         Spirit   .   (helmet currently unavailable)
rElec    .         Reflect  .   (cloak currently unavailable)
rCorr    +         Harm     .   (gloves currently unavailable)
MR       .....     NoTele   +   (boots currently unavailable)
Stlth    ++........             (no amulet)
HPRegen  0.28/turn              s - ring of resist corrosion
MPRegen  0.13/turn              n - ring of positive energy

@: agile, lethally poisoned (-2 -> -3), tree-form, berserk cooldown, slowed,
very slow
A: (change form in water), (swift swim), (stealthy swim), low mp 1
a: Upheaval, Elemental Force, Renounce Religion


You were on level 10 of the Dungeon.
You worshipped Qazlal.
Qazlal was most pleased with you.
You were not hungry.
You were a tree.
You visited 2 branches of the dungeon, and saw 11 of its levels.

You collected 429 gold pieces.

Inventory:

Hand Weapons
 j - a +1 demon trident of venom
Missiles
 a - 141 arrows
Armour
 q - the +5 robe of Night (melded) {Dark MR+ SInv}
   (You found it on level 4 of the Dungeon)

   It affects your resistance to hostile enchantments.
   It lets you see invisible.
 w - a +0 cloak (melded)
Magical Staves
 y - an uncursed staff of poison (weapon)
Jewellery
 k - an uncursed ring of see invisible
 n - a ring of positive energy (right branch)
 s - a ring of resist corrosion (left branch)
Scrolls
 b - 2 scrolls of enchant weapon
 g - a scroll of fear
 i - 4 scrolls of remove curse
 l - a scroll of magic mapping
 m - 4 scrolls of teleportation
 p - a scroll of enchant armour {unknown}
Potions
 e - 3 potions of flight
 f - a potion of lignification
 o - a potion of berserk rage
 v - 3 potions of haste
Books
 c - a book of Changes

   Spells                             Type                      Level
   a - Beastly Appendage              Transmutation                1
   b - Sticks to Snakes               Transmutation                2
   c - Spider Form                    Transmutation/Poison         3
   d - Ice Form                       Ice/Transmutation            4
   e - Blade Hands                    Transmutation                5
 r - a book of Air

   Spells                             Type                      Level
   a - Shock                          Conjuration/Air              1
   b - Swiftness                      Charms/Air                   2
   c - Static Discharge               Conjuration/Air              3
   d - Airstrike                      Air                          4
   e - Lightning Bolt                 Conjuration/Air              5
 x - a book of Geomancy

   Spells                             Type                      Level
   a - Sandblast                      Earth                        1
   b - Passwall                       Transmutation/Earth          2
   c - Stone Arrow                    Conjuration/Earth            3
   d - Petrify                        Transmutation/Earth          4
   e - Lee's Rapid Deconstruction     Earth                        5
 z - a book of Misfortune

   Spells                             Type                      Level
   a - Confusing Touch                Hexes                        1
   b - Confuse                        Hexes                        3
   c - Gell's Gravitas                Translocation                3
   d - Petrify                        Transmutation/Earth          4
   e - Metabolic Englaciation         Hexes/Ice                    5
   f - Yara's Violent Unravelling     Hexes/Transmutation          5
Comestibles
 d - 13 rations
 h - 3 chunks of flesh


   Skills:
 + Level 3.2 Fighting
 * Level 8.3 Dodging
 + Level 11.8 Unarmed Combat
 - Level 2.4 Spellcasting
 * Level 10.9 Transmutations
 * Level 8.1 Poison Magic


You had 9 spell levels left.
You knew the following spells:

 Your Spells              Type           Power        Failure   Level  Hunger
b - Sticks to Snakes      Tmut           ####....     1%          2    ###....
c - Spider Form           Tmut/Pois      #####.....   1%          3    ###....


Dungeon Overview and Level Annotations

Branches:
Dungeon (10/15)            Temple (1/1) D:4             Orc (0/2) D:9
   Lair: D:8-11

Altars:
Ashenzari
Cheibriados
Dithmenos
Elyvilon
Fedhas
Gozag
Hepliaklqana
Kikubaaqudgha
Makhleb
Nemelex Xobeh
Okawaru
Qazlal
Ru
Sif Muna
Trog
Uskayaw
Vehumet
Wu Jian
Xom
Yredelemnul
Zin
The Shining One
Beogh

Annotations:
D:3 1 runed door
D:7 2 transporters
D:8 Lusmu's ghost, novice HaAK


Innate Abilities, Weirdness & Mutations

((You revert to your normal form in water.))
((You are very nimble and swift while swimming.))
((You are very stealthy in the water. (Stealth+)))
((You are partially covered in large bone plates. (SH +4)))
Your magical capacity is low. (-10% MP)


Message History

You hit the killer bee.
The killer bee is severely wounded.
You feel sick.
The killer bee stings you but does no damage.
The killer bee rages.
The killer bee stings you but does no damage. x2
You barely miss the killer bee.
The killer bee is severely wounded.
You are no longer berserk.
You are exhausted.
You feel yourself slow down.
The killer bee stings you but does no damage. x2
The killer bee rages.
It was a potion of agility.
You feel agile all of a sudden. The killer bee completely misses you.
You block the killer bee's attack. The killer bee stings you!
* * * LOW HITPOINT WARNING * * *
The killer bee stings you.
You die...

#.# #.# #.#
#.# #.# ##.#
#.# #.# #..#
#.# #.## .>#
##.# ###
#..# #.##
#.# #♣# #y#
#y# #y#
###y####
####.yy†..#
#.......y.#
#..##..†...#
.. #......#


You could see 6 killer bees.

Vanquished Creatures
  Pikel (D:8)
  A troll (D:9)
  A queen bee (D:10)
  A hippogriff (D:4)
  A wyvern (D:8)
  6 yaks (D:9)
  Edmund (D:4)
  A slave (D:8)
  A sky beast (D:8)
  11 orc warriors
  3 ice beasts
  2 black bears
  8 ogres
  7 centaurs
  3 bullfrogs
  2 big kobolds (D:9)
  7 killer bees (D:10)
  3 wights (D:8)
  A howler monkey (D:6)
  A bullfrog zombie (D:10)
  A crimson imp (D:9)
  9 orc priests
  4 hounds
  2 jellies
  Natasha (thrice) (D:2)
  Terence (D:2)
  An iguana (D:7)
  9 orc wizards
  6 worker ants
  A hound zombie (D:8)
  2 howler monkey zombies
  6 gnolls
  12 adders
  4 shadow imps
  2 oozes (D:3)
  An adder zombie (D:7)
  3 worms
  2 dart slugs (D:2)
  4 leopard geckos
  55 orcs
  8 bats
  6 giant cockroaches
  8 goblins
  7 hobgoblins
  5 jackals
  5 quokkas
  6 frilled lizards
  A jackal skeleton (D:4)
  13 kobolds
  14 rats
  A bush (D:3)
264 creatures vanquished.

Vanquished Creatures (others)
  3 slaves (D:8)
  A crimson imp (D:8)
  An adder (D:8)
5 creatures vanquished.

Grand Total: 269 creatures vanquished

Notes
Turn   | Place    | Note
-------+----------+-------------------------------------------
     0 | D:1      | Oravi the Merfolk Transmuter began the quest for the Orb.
     0 | D:1      | Reached XP level 1. HP: 15/15 MP: 3/3
   243 | D:1      | Reached XP level 2. HP: 21/21 MP: 3/5
   766 | D:2      | Found an opulent altar of Gozag.
   797 | D:2      | Noticed Natasha
   809 | D:2      | Killed Natasha
   809 | D:2      | Reached skill level 4 in Unarmed Combat
   809 | D:2      | Reached XP level 3. HP: 4/26 MP: 6/6
   813 | D:2      | Learned a level 2 spell: Sticks to Snakes
   817 | D:2      | Learned a level 3 spell: Spider Form
  1124 | D:2      | Noticed Terence
  1131 | D:2      | Killed Terence
  1131 | D:2      | Reached XP level 4. HP: 32/32 MP: 0/7
  1235 | D:2      | Noticed Natasha
  1241 | D:2      | Killed Natasha
  1303 | D:2      | Found a faded altar of an unknown god.
  1375 | D:2      | Noticed Natasha
  1383 | D:2      | Killed Natasha
  1383 | D:2      | Reached skill level 1 in Poison Magic
  1383 | D:2      | Reached XP level 5. HP: 36/37 MP: 5/8
  2232 | D:3      | Reached XP level 6. HP: 43/43 MP: 5/9
  2263 | D:3      | Reached skill level 5 in Unarmed Combat
  2276 | D:3      | Reached skill level 5 in Transmutations
  3133 | D:3      | Found a runed door.
  3512 | D:4      | Found a staircase to the Ecumenical Temple.
  3527 | D:4      | Reached XP level 7. HP: 31/48 MP: 7/10
  3682 | Temple   | Entered the Ecumenical Temple
  3713 | Temple   | Became a worshipper of Qazlal Stormbringer
  4133 | D:4      | Found the +5 robe of Night {Dark MR+ SInv}
  4234 | D:4      | Noticed Edmund
  4234 | D:4      | Noticed a hippogriff
  4243 | D:4      | Killed a hippogriff
  4243 | D:4      | Reached skill level 6 in Unarmed Combat
  4252 | D:4      | Killed Edmund
  4252 | D:4      | Reached XP level 8. HP: 34/55 MP: 5/11
  4558 | D:5      | Entered Level 5 of the Dungeon
  5646 | D:6      | Reached skill level 7 in Unarmed Combat
  5683 | D:6      | Found a glowing golden altar of the Shining One.
  5913 | D:6      | Reached skill level 5 in Dodging
  5913 | D:6      | Reached skill level 5 in Poison Magic
  5998 | D:6      | Reached * piety under Qazlal
  6724 | D:7      | Found a transporter.
  6785 | D:7      | Reached skill level 8 in Unarmed Combat
  6785 | D:7      | Reached XP level 9. HP: 45/62 MP: 10/12
  6908 | D:7      | Noticed a kobold demonologist
  6910 | D:7      | Found a transporter.
  7329 | D:8      | Found a deep blue altar of Sif Muna.
  7331 | D:8      | Found a sacrificial altar of Ru.
  7332 | D:8      | Found an iron altar of Okawaru.
  7332 | D:8      | Found an ornate altar of the Wu Jian Council.
  7333 | D:8      | Found a burning altar of Makhleb.
  7333 | D:8      | Found a hazy altar of Hepliaklqana.
  7333 | D:8      | Found a white marble altar of Elyvilon.
  7361 | D:8      | Reached skill level 9 in Unarmed Combat
  7420 | D:8      | Noticed Pikel
  7437 | D:8      | Killed Pikel
  7437 | D:8      | Reached ** piety under Qazlal
  7760 | D:8      | Reached skill level 10 in Unarmed Combat
  7828 | D:8      | Noticed Lusmu's ghost (novice HaAK)
  7979 | D:8      | Reached XP level 10. HP: 68/68 MP: 9/13
  8834 | D:9      | Reached skill level 10 in Transmutations
  8852 | D:9      | Gained mutation: Your magical capacity is low. (-10% MP) [potion of mutation]
  8852 | D:9      | Gained mutation: You are partially covered in large bone plates. (SH +4) [potion of mutation]
  9225 | D:9      | Reached skill level 11 in Unarmed Combat
  9579 | D:9      | Reached *** piety under Qazlal
 10563 | D:9      | Found a roughly hewn altar of Beogh.
 10563 | D:9      | Found a staircase to the Orcish Mines.
 10719 | D:10     | Entered Level 10 of the Dungeon
 10799 | D:10     | Reached XP level 11. HP: 56/75 MP: 13/13
 10912 | D:10     | HP: 3/112 [killer bee (9)]
 10912 | D:10     | Slain by a killer bee

Skill      XL: |  1  2  3  4  5  6  7  8  9 10 11 |
---------------+----------------------------------+-----
Unarmed Combat | 4 5 6 8 10 11 | 11.8
Transmutations | 3 4 5 6 8 9 10 | 10.9
Poison Magic   | 1 2 3 4 5 6 7 8 |  8.1
Dodging        | 3 4 5 6 7 8 |  8.3
Fighting       | 2 3 |  3.2
Spellcasting   | |  2.4

Action                   |  1- 3 |  4- 6 |  7- 9 | 10-12 || total
-------------------------+-------+-------+-------+-------++-------
Melee: Unarmed           |    71 |   277 |   276 |   278 ||   902
       Headbutt          |     3 |       |       |       ||     3
       Punch             |       |     4 |       |     1 ||     5
       Staff             |       |       |       |    16 ||    16
 Cast: Beastly Appendage |    16 |     1 |       |       ||    17
       Spider Form       |     1 |    30 |    39 |    25 ||    95
       Sticks to Snakes  |       |       |       |     9 ||     9
  Use: Scroll            |       |     5 |     7 |     2 ||    14
       Potion            |       |       |       |    14 ||    14
 Stab: Sleeping          |     1 |     1 |     1 |       ||     3
  Eat: Chunk             |     1 |    12 |    16 |     9 ||    38
       Ration            |       |       |     1 |     1 ||     2
Armor: Robe              |    11 |     5 |     3 |     1 ||    20
       Skin              |       |     4 |     7 |    33 ||    44
Dodge: Dodged            |    49 |   155 |   202 |   275 ||   681
Block: Other             |       |       |     7 |    40 ||    47
